Selects Italian Combined Arms Battlegroup
Selects Bersaglieri Squad
Construct Light Support Kompanie
Selects Semovente da 75/18 Assault Gun
Selects Carro Armato M13/40 Light Tank
Carro Armato M13/40 Light Tank
Carro Armato M13/40 Light Tank
Selects Bersaglieri Bolster
Selects Breda Model 30 Light Machine Guns
Construct Mechanized Kompanie
Construct Mechanized Kompanie
Marder III Tank Destroyer
Marder III Tank Destroyer
Marder III Tank Destroyer
Marder III Tank Destroyer